[Event "Titled Tuesday Blitz June 14 Late 2022"]
[White "Salimova, Nurgyul"]
[Black "Kamsky, Gata"]
[WhiteFideId "2915138"]
[BlackFideId "2000024"]
[WhiteElo "2184"]
[BlackElo "2645"]
[Result "0-1"]
[Round "03"]
[TimeControl "180+1"]
[Date "2022.06.14"]
[WhiteClock "0:00:02"]
[BlackClock "0:00:10"]

1. d4 g6 2. Nf3 Bg7 3. Nc3 d6 4. Bf4 Nd7 5. Qd2 e5 6. dxe5 dxe5 7. Bg3 Nh6 8. O-O-O f6 9. e4 Nf7 10. Bc4 Nd6 11. Bb3 Nc5 12. Bd5 Ne6 13. h4 h5 14. Kb1 Qe7 15. Ne1 Bd7 16. f3 Bh6 17. Qf2 c6 18. Bb3 b5 19. Nd3 a5 20. a4 b4 21. Ne2 Nb7 22. f4 Nbc5 23. Nxc5 Nxc5 24. fxe5 fxe5 25. Bxe5 Qxe5 26. Qf7+ Kd8 27. Nd4 Kc8 28. Qxg6 Kc7 29. Nf3 Qe7 30. Bc4 Raf8 31. Qg3+ Bf4 32. Qf2 Kb7 33. e5 Bf5 34. Rhe1 Bg4 35. Qd4 Bxf3 36. gxf3 Bg3 37. Rg1 Rd8 38. Qe3 Rxd1+ 39. Rxd1 Qxe5 40. Qd2 Bxh4 41. b3 Bf6 0-1


[Site "https://www.chess.com"]

[Event "Titled Tuesday Blitz June 14 Late 2022"]
[White "Shimanov, Aleksandr"]
[Black "Isajevsky, Anton"]
[WhiteFideId "4198603"]
[BlackFideId "4142500"]
[WhiteElo "2605"]
[BlackElo "2510"]
[Result "1-0"]
[Round "03"]
[TimeControl "180+1"]
[Date "2022.06.14"]
[WhiteClock "0:00:22"]
[BlackClock "0:00:01"]

1. b3 d5 2. Bb2 Nf6 3. d3 c5 4. e3 Nc6 5. Nf3 e6 6. g3 Be7 7. Bg2 O-O 8. O-O b6 9. c4 Bb7 10. a3 Qc7 11. cxd5 Nxd5 12. Nbd2 Bf6 13. Qc2 Bxb2 14. Qxb2 Rfd8 15. Rfd1 Qe7 16. Rac1 Rac8 17. Nc4 Qf6 18. Qc2 h6 19. Nfd2 Qe7 20. Ne4 Nf6 21. Nxf6+ Qxf6 22. Qb1 Qe7 23. b4 cxb4 24. axb4 b5 25. Nd2 Nxb4 26. Bxb7 Rxc1 27. Rxc1 Nxd3 28. Rc8 Rxc8 29. Bxc8 Qd8 30. Qxb5 Nxf2 31. Kxf2 Qxd2+ 32. Qe2 Qc1 33. Ba6 Qh1 34. Qf3 Qxh2+ 35. Qg2 Qh5 36. Qa8+ Kh7 37. Bd3+ g6 38. Qxa7 Qh2+ 39. Kf1 Qh1+ 40. Ke2 Qg2+ 41. Kd1 Qf3+ 42. Kd2 h5 43. Qc7 Qf2+ 44. Be2 Qf5 45. Qf4 Qd5+ 46. Ke1 Kg8 47. Qb8+ 1-0


[Site "https://www.chess.com"]

[Event "Titled Tuesday Blitz June 14 Late 2022"]
[White "Song, Michael"]
[Black "Lashkin, Jegor"]
[WhiteFideId "2613190"]
[BlackFideId "13907808"]
[WhiteElo "2274"]
[BlackElo "2368"]
[Result "0-1"]
[Round "03"]
[TimeControl "180+1"]
[Date "2022.06.14"]
[WhiteClock "0:00:02"]
[BlackClock "0:00:29"]

1. d4 Nf6 2. c4 e6 3. Nc3 Bb4 4. e3 O-O 5. Bd3 d5 6. cxd5 exd5 7. a3 Bd6 8. Qc2 a6 9. Nge2 Re8 10. O-O b6 11. b4 Bb7 12. Rb1 Nbd7 13. b5 Bf8 14. a4 g6 15. f3 axb5 16. axb5 Qe7 17. Nf4 Bg7 18. Bd2 Nf8 19. Rbe1 Rad8 20. Kh1 Ne6 21. Nce2 Ng5 22. Rc1 Rc8 23. Qb3 Qd7 24. Rc2 Bf8 25. Rfc1 Bd6 26. Ng3 h5 27. Nf1 h4 28. Bb4 h3 29. Bxd6 Qxd6 30. Ng3 hxg2+ 31. Nxg2 Nxf3 32. Rf2 Ng5 33. Rcf1 Ng4 34. Rf4 Nxe3 35. Bxg6 Nxf1 36. Bxf7+ Nxf7 37. Nxf1 Re4 38. Qg3+ Kf8 39. Qh3 Rxf4 0-1


[Site "https://www.chess.com"]

[Event "Titled Tuesday Blitz June 14 Late 2022"]
[White "Swiercz, Dariusz"]
[Black "Palchuk, Andrii"]
[WhiteFideId "1126881"]
[BlackFideId "14176688"]
[WhiteElo "2627"]
[BlackElo "2338"]
[Result "1-0"]
[Round "03"]
[TimeControl "180+1"]
[Date "2022.06.14"]
[WhiteClock "0:00:11"]
[BlackClock "0:00:04"]

1. e4 e5 2. Nf3 Nc6 3. Bb5 a6 4. Ba4 Nf6 5. d3 b5 6. Bb3 Bc5 7. c3 O-O 8. Bg5 Be7 9. Nbd2 h6 10. Bxf6 Bxf6 11. h4 g6 12. g4 Bg7 13. h5 g5 14. Nf1 Ne7 15. Ne3 c6 16. Qe2 d5 17. Nf5 Be6 18. Nxg7 Kxg7 19. Nxe5 Qd6 20. d4 dxe4 21. Qxe4 f5 22. gxf5 Bxf5 23. Qe2 Nd5 24. O-O-O Nf4 25. Qe3 Rae8 26. Rhg1 Kh7 27. Qd2 c5 28. Bc2 cxd4 29. Bxf5+ Rxf5 30. cxd4 Rc8+ 31. Kb1 Qd5 32. Qe3 Nxh5 33. Rc1 Rxc1+ 34. Rxc1 Ng7 35. a3 Rf4 36. Qd3+ Qe4 37. Qxe4+ Rxe4 38. Nc6 h5 39. d5 Nf5 40. Nb4 a5 41. Nd3 h4 42. Nc5 Rd4 43. Ne6 Rxd5 44. Nxg5+ Kg6 45. Ne6 Kf6 46. Nf4 Rd2 47. Rc6+ Ke5 48. Ng6+ Ke4 49. Re6+ Kf3 50. Rf6 Kg4 51. Ne5+ Kg5 52. Rf8 Rxf2 53. Rg8+ Kh5 54. Rh8+ Kg5 55. Rg8+ Kh5 56. Nf7 h3 57. Rh8+ Kg4 58. Ne5+ Kg3 59. Rg8+ Kh2 60. Ng4+ Kg1 61. Nxf2+ Kxf2 62. Rf8 h2 63. Rxf5+ Kg2 64. Rg5+ Kf2 65. Rh5 Kg2 66. Kc2 h1=Q 67. Rxh1 Kxh1 68. Kd3 Kg2 69. Kd4 b4 70. axb4 axb4 71. Kc4 Kf3 72. Kxb4 Ke4 73. Kc5 Ke5 74. b4 Ke6 75. Kc6 Ke7 76. Kc7 1-0


[Site "https://www.chess.com"]

[Event "Titled Tuesday Blitz June 14 Late 2022"]
[White "Terry, Renato"]
[Black "D`Arruda, Ricardo D."]
[WhiteFideId "3803457"]
[BlackFideId "100692"]
[WhiteElo "2577"]
[BlackElo "2496"]
[Result "1-0"]
[Round "03"]
[TimeControl "180+1"]
[Date "2022.06.15"]
[WhiteClock "0:00:28"]
[BlackClock "0:00:13"]

1. d4 Nf6 2. Nf3 g6 3. Bg5 Bg7 4. c3 d6 5. Nbd2 O-O 6. e4 Nbd7 7. e5 dxe5 8. dxe5 Nd5 9. e6 fxe6 10. Bc4 N7b6 11. Bb3 h6 12. Bh4 Bd7 13. O-O g5 14. Bg3 Nf4 15. Ne4 Nbd5 16. Nc5 Bc8 17. Re1 Qd6 18. Nxe6 Bxe6 19. Bxf4 Nxf4 20. Bxe6+ Nxe6 21. Qxd6 exd6 22. Rxe6 Rae8 23. Rxe8 Rxe8 24. Kf1 Kf7 25. Rd1 Re6 26. h3 c6 27. c4 Ke7 28. b3 a6 29. Ne1 Re4 30. Nc2 Ke6 31. g4 d5 32. cxd5+ cxd5 33. Ne3 Bd4 34. Nf5 Bc5 35. Nxh6 Rf4 36. Rd2 a5 37. Nf5 b5 38. Re2+ Kd7 39. Kg2 a4 40. Kg3 axb3 41. axb3 Rb4 42. Rb2 Ke6 43. h4 gxh4+ 44. Kxh4 d4 45. Kg3 d3 46. Kf3 Kd5 47. g5 Bd4 48. Rb1 Be5 49. Ne7+ Kd6 50. Ng6 Bc3 51. Nf4 d2 52. Rd1 Ke5 53. Nd3+ Kf5 54. Nxb4 Bxb4 55. Rg1 Kg6 56. Ke3 Bc5+ 57. Kxd2 Bxf2 58. Rg2 Bh4 59. Kd3 Bxg5 60. Kd4 Kf5 61. Rxg5+ Kxg5 62. Kc5 1-0


[Site "https://www.chess.com"]

[Event "Titled Tuesday Blitz June 14 Late 2022"]
[White "Tymrakiewicz, Rafal"]
[Black "Rustemov, Alexander"]
[WhiteFideId "1108832"]
[BlackFideId "4119002"]
[WhiteElo "2205"]
[BlackElo "2782"]
[Result "1-0"]
[Round "03"]
[TimeControl "180+1"]
[Date "2022.06.15"]
[WhiteClock "0:00:16"]
[BlackClock "0:00:09"]

1. d4 g6 2. Bg5 Bg7 3. e3 c5 4. c3 Qb6 5. Qb3 d6 6. Nd2 Be6 7. Bc4 Bxc4 8. Nxc4 Qa6 9. a4 Nd7 10. Qb5 Qc6 11. Nf3 Ngf6 12. O-O O-O 13. Qxc6 bxc6 14. Rfd1 Rab8 15. Ra2 h6 16. Bh4 g5 17. Bg3 Ne4 18. Nfd2 Nxd2 19. Rxd2 f5 20. f3 cxd4 21. exd4 f4 22. Bf2 Nf6 23. Na5 Rfc8 24. b4 Nd5 25. Rac2 Kf7 26. Re2 e5 27. Nc4 Ke6 28. dxe5 dxe5 29. Bd4 Rb7 30. Bxe5 Bxe5 31. Rxe5+ Kf6 32. Re4 Rd7 33. g3 fxg3 34. hxg3 h5 35. Kf2 Rh8 36. Ne3 Ne7 37. Rc4 Rd6 38. Re2 Ng6 39. Rc5 Ne5 40. Rxe5 Kxe5 41. Nc4+ Kd5 42. Nxd6 Kxd6 43. f4 gxf4 44. gxf4 Kd5 45. Kf3 Rh7 46. Re5+ Kd6 47. Rg5 h4 48. Kg2 Rf7 49. f5 Ke5 50. Rh5 Rxf5 51. Rxh4 Kd5 52. Rd4+ Ke6 53. Kg3 Rf1 54. Kg4 Rc1 55. Rd3 Ke5 56. Kf3 a5 57. bxa5 Ra1 58. Ke3 Rxa4 59. Rd8 Rxa5 60. Kd3 Ra1 61. Kc4 Ra5 62. Rd7 Ke6 63. Rd8 Rh5 64. Rd1 Rg5 65. Rd2 Re5 66. Rd1 Rg5 67. Rd2 Ke7 68. Rd3 Rg2 69. Rd1 Rg5 70. Rd2 Ra5 71. Rd3 Re5 72. Rd2 Ke6 73. Rd3 Rh5 74. Rd2 Rh3 75. Rd3 Ke5 76. Rxh3 Kd6 77. Rh4 Kc7 78. Rh5 Kb6 79. Rg5 Kc7 80. Rh5 Kd6 81. Rh6+ Kd7 82. Kc5 Kc7 83. Rxc6+ Kd7 84. Rg6 Kc7 85. Rg1 Kd7 86. Ra1 Kc7 87. Ra7+ Kb8 88. Rh7 Kc8 89. Kd6 Kd8 90. c4 Kc8 91. c5 Kb8 92. c6 Ka8 93. Rh8+ Ka7 94. c7 Kb6 95. c8=Q Ka5 96. Qc6 Kb4 97. Rb8+ Ka3 98. Qa8# 1-0


[Site "https://www.chess.com"]

[Event "Titled Tuesday Blitz June 14 Late 2022"]
[White "Uskov, Artem"]
[Black "Mickiewicz, Piotr"]
[WhiteFideId "34254854"]
[BlackFideId "1114891"]
[WhiteElo "2335"]
[BlackElo "2209"]
[Result "1/2-1/2"]
[Round "03"]
[TimeControl "180+1"]
[Date "2022.06.15"]
[WhiteClock "0:00:10"]
[BlackClock "0:00:08"]

1. e4 c5 2. Nf3 d6 3. d4 cxd4 4. Nxd4 Nf6 5. f3 e5 6. Nb3 d5 7. Bg5 d4 8. c3 Nc6 9. Bb5 Be6 10. cxd4 Bxb3 11. axb3 Bb4+ 12. Kf2 Qxd4+ 13. Qxd4 exd4 14. Bxf6 gxf6 15. Rd1 Ke7 16. Ra4 a5 17. Na3 Rhd8 18. Nc2 Bc5 19. Ke2 Nb4 20. Ne1 b6 21. Raa1 h5 22. Rac1 f5 23. exf5 Kf6 24. Bd3 Nxd3 25. Nxd3 Rac8 26. Nf4 Kg5 27. g3 h4 28. Nh3+ Kxf5 29. g4+ Kf6 30. Nf2 Kg5 31. Nh3+ Kf6 32. Nf2 Kg5 33. Nd3 Re8+ 34. Kf2 Re3 35. Rc2 f5 36. h3 fxg4 37. hxg4 Rf8 38. f4+ Kxg4 39. Rg1+ Rg3 40. Rxg3+ hxg3+ 41. Kg2 Rxf4 42. Re2 Kf5 43. Re5+ Kf6 44. Rxc5 bxc5 45. Nxf4 Ke5 46. Ne2 Ke4 47. Nxg3+ Ke3 48. Kf1 Kd2 49. Ne4+ Kc2 50. Nxc5 Kxb2 51. Ke2 Kc3 52. Kd1 d3 53. Kc1 Kb4 54. Nxd3+ Kxb3 55. Nc5+ Kc3 56. Ne4+ Kd4 57. Nd2 a4 58. Nb1 a3 59. Nxa3 1/2-1/2


[Site "https://www.chess.com"]

[Event "Titled Tuesday Blitz June 14 Late 2022"]
[White "Vujic, Mihailo"]
[Black "Hjartarson, Johann"]
[WhiteFideId "918873"]
[BlackFideId "2300044"]
[WhiteElo "2256"]
[BlackElo "2458"]
[Result "0-1"]
[Round "03"]
[TimeControl "180+1"]
[Date "2022.06.15"]
[WhiteClock "0:00:03"]
[BlackClock "0:00:05"]

1. e4 Nf6 2. e5 Nd5 3. c4 Nb6 4. c5 Nd5 5. Nc3 Nxc3 6. dxc3 e6 7. Qg4 Nc6 8. Nf3 g6 9. Bg5 h5 10. Qe4 Be7 11. h4 b6 12. O-O-O bxc5 13. Qc2 Rb8 14. Bd3 Bxg5+ 15. hxg5 Qe7 16. g4 c4 17. Be4 Qc5 18. Bxg6 Nxe5 19. Nxe5 Qxe5 20. Bxh5 Qxg5+ 21. Kb1 Bb7 22. f4 Qg7 23. Rhe1 Bc6 24. Ka1 Ke7 25. f5 Rb6 26. fxe6 fxe6 27. Qf2 Rf8 28. Qc5+ Kd8 29. Qxc4 Kc8 30. Rf1 Rxf1 31. Qxf1 Qg5 32. Qd3 Kb7 33. Qd2 Qe5 34. g5 Bd5 35. Be2 Rd6 36. Qe1 Qxg5 37. Rd4 Bc6 38. Rxd6 cxd6 39. a3 Qe5 40. c4 Kc7 41. Qd2 Kd8 42. Bd3 d5 43. c5 d4 44. Qa5+ Ke7 45. Bc4 Qe3 46. Ka2 d3 47. Qc3 Bd5 48. Bxd5 exd5 49. Qg7+ Kd8 50. Qf8+ Kc7 51. Qd6+ Kc8 52. Qf8+ Kb7 53. Qd8 Qe6 54. Qa5 d4+ 55. b3 Qe2+ 56. Kb1 d2 0-1


[Site "https://www.chess.com"]

[Event "Titled Tuesday Blitz June 14 Late 2022"]
[White "Wang, Isaac"]
[Black "Fedoseev, Vladimir"]
[WhiteFideId "30977185"]
[BlackFideId "24130737"]
[WhiteElo "2235"]
[BlackElo "2726"]
[Result "0-1"]
[Round "03"]
[TimeControl "180+1"]
[Date "2022.06.14"]
[WhiteClock "0:00:19"]
[BlackClock "0:01:36"]

1. d4 Nf6 2. c4 e6 3. Nc3 Bb4 4. f3 d5 5. a3 Bxc3+ 6. bxc3 Nc6 7. e3 O-O 8. cxd5 exd5 9. Bd3 Na5 10. Ne2 Re8 11. O-O c5 12. Ng3 cxd4 13. cxd4 Be6 14. Bd2 Rc8 15. Qa4 Nc4 16. Bxc4 dxc4 17. Rac1 a6 18. Qa5 Qd7 19. Bc3 Nd5 20. e4 b6 21. Qxa6 Nxc3 22. d5 Nxd5 23. exd5 Qxd5 24. Qxb6 c3 25. Ne4 c2 26. Qf2 f5 27. Ng5 Qd3 28. Nh3 Bb3 29. Nf4 Qc4 30. Qg3 Red8 31. Qg5 Rd1 32. Nh5 Qxf1# 0-1


[Site "https://www.chess.com"]

[Event "Titled Tuesday Blitz June 14 Late 2022"]
[White "Wieczorek, Oskar"]
[Black "Zhigalko, Sergei"]
[WhiteFideId "1133950"]
[BlackFideId "13502956"]
[WhiteElo "2330"]
[BlackElo "2662"]
[Result "0-1"]
[Round "03"]
[TimeControl "180+1"]
[Date "2022.06.14"]
[WhiteClock "0:00:02"]
[BlackClock "0:00:03"]

1. e4 c5 2. Nf3 Nc6 3. b4 Nxb4 4. c3 Nc6 5. d4 d5 6. exd5 Qxd5 7. Na3 Bg4 8. Bc4 Qe4+ 9. Be2 Bxf3 10. gxf3 Qd5 11. Rb1 O-O-O 12. Bc4 Qd7 13. Bxf7 e6 14. Bh5 Nf6 15. Bg4 Nxg4 16. fxg4 cxd4 17. O-O dxc3 18. Qb3 e5 19. Be3 Qxg4+ 20. Kh1 Qf3+ 21. Kg1 Qg4+ 22. Kh1 Qf3+ 23. Kg1 Nd4 24. Qxc3+ Qc6 25. Bxd4 Rxd4 26. Qh3+ Kb8 27. Nb5 Rd5 28. Nc3 Rc5 29. Ne2 Be7 30. Ng3 h6 31. Qh5 Bf6 32. Qf7 Rc8 33. a4 e4 34. a5 Ka8 35. a6 Qxa6 36. Nxe4 R5c7 37. Qg6 Bd4 38. Qg2 Qc6 39. Rfd1 Bb6 40. Rd6 Qc2 41. Rbd1 Rf7 42. Rd7 Rxd7 43. Rxd7 Qc1+ 44. Qf1 Qc6 45. Re7 g5 46. Qe2 a6 47. Qg4 Ka7 48. Re6 Qd7 49. Nd6 Rc1+ 50. Kg2 Rc6 51. Re7 Qxd6 52. Qd7 Qxd7 53. Rxd7 Rc7 0-1


[Site "https://www.chess.com"]

[Event "Titled Tuesday Blitz June 14 Late 2022"]
[White "Yoo, Christopher Woojin"]
[Black "McCoy, Owen"]
[WhiteFideId "30909694"]
[BlackFideId "30924502"]
[WhiteElo "2105"]
[BlackElo "2451"]
[Result "1-0"]
[Round "03"]
[TimeControl "180+1"]
[Date "2022.06.14"]
[WhiteClock "0:02:09"]
[BlackClock "0:00:05"]

1. e4 c5 2. Nf3 d6 3. d4 cxd4 4. Nxd4 Nf6 5. Nc3 a6 6. h4 e5 7. Nf5 Be6 8. Bg5 Bxf5 9. Bxf6 Qxf6 10. Nd5 Qd8 11. exf5 Nd7 12. g3 Rc8 13. Bg2 Qa5+ 14. c3 Qb5 15. a4 Qc4 16. b3 Qc5 17. O-O Be7 18. Nxe7 Kxe7 19. Bxb7 Rb8 20. Bxa6 Qxc3 21. Bc4 Nb6 22. Rc1 Qa5 23. Bb5 Rhc8 24. Qg4 Kf8 25. b4 Qa7 26. a5 Rxc1 27. Rxc1 Nd5 28. Qc4 Ne7 29. Qd3 Qb7 30. a6 Qa7 31. Qxd6 f6 32. Rc7 1-0


[Site "https://www.chess.com"]

[Event "Titled Tuesday Blitz June 14 Late 2022"]
[White "Zakhartsov, Vladimir"]
[Black "Nakamura, Hikaru"]
[WhiteFideId "4145097"]
[BlackFideId "2016192"]
[WhiteElo "2490"]
[BlackElo "2850"]
[Result "0-1"]
[Round "03"]
[TimeControl "180+1"]
[Date "2022.06.14"]
[WhiteClock "0:00:03"]
[BlackClock "0:01:14"]

1. d4 f5 2. Bg5 c6 3. c4 d6 4. e3 Be6 5. Nc3 Nd7 6. Bd3 g6 7. h4 h6 8. Bf4 Ngf6 9. Nge2 Bf7 10. e4 e5 11. exf5 gxf5 12. Bh2 e4 13. Bc2 Bxc4 14. Nf4 Rg8 15. f3 Qe7 16. fxe4 Nxe4 17. Bxe4 fxe4 18. d5 Qxh4+ 19. Kd2 Qf2+ 20. Kc1 Qe3+ 21. Kb1 O-O-O 22. dxc6 bxc6 23. Qa4 Bd3+ 24. Nxd3 Qxd3+ 25. Kc1 Rxg2 26. Qxc6+ Kb8 27. Qb5+ Qxb5 28. Nxb5 Nc5 29. Nd4 Nd3+ 30. Kd1 Rc8 0-1


[Site "https://www.chess.com"]

[Event "Titled Tuesday Blitz June 14 Late 2022"]
[White "Zierk, Steven"]
[Black "Eynullayev, Atilla"]
[WhiteFideId "2034255"]
[BlackFideId "13413570"]
[WhiteElo "2494"]
[BlackElo "1936"]
[Result "1-0"]
[Round "03"]
[TimeControl "180+1"]
[Date "2022.06.15"]
[WhiteClock "0:01:03"]
[BlackClock "0:00:05"]

1. d4 Nf6 2. c4 e6 3. Nf3 d5 4. Nc3 c5 5. cxd5 cxd4 6. Qxd4 exd5 7. Bg5 Be7 8. e3 O-O 9. Bb5 h6 10. Bh4 Be6 11. O-O Nc6 12. Qa4 Qb6 13. Rab1 Rfd8 14. Rfd1 a6 15. Be2 Rac8 16. Nd4 Nxd4 17. Qxd4 Qxd4 18. Rxd4 Bc5 19. Bxf6 gxf6 20. Rd2 d4 21. Rbd1 Bb4 22. exd4 Bxc3 23. bxc3 Rxc3 24. d5 Bd7 25. d6 Rdc8 26. Bf3 Bc6 27. d7 Rd8 28. Bg4 Rc4 29. f3 a5 30. Rd6 Kg7 31. Re1 Ba4 32. Bf5 Rc7 33. Re4 Bc6 34. Red4 Kf8 35. Rxf6 Ke7 36. Rxh6 Bxd7 37. Rhd6 b5 38. Kf2 b4 39. Ke1 a4 40. Bxd7 Rdxd7 41. Rxd7+ Rxd7 42. Rxb4 1-0


[Site "https://www.chess.com"]

[Event "Titled Tuesday Blitz June 14 Late 2022"]
[White "Abdrlauf, Elham"]
[Black "Luo, Terry"]
[WhiteFideId "1533533"]
[BlackFideId "30931045"]
[WhiteElo "2403"]
[BlackElo "2024"]
[Result "0-1"]
[Round "04"]
[TimeControl "180+1"]
[Date "2022.06.14"]
[WhiteClock "0:00:02"]
[BlackClock "0:00:19"]

1. e4 c5 2. Nf3 d6 3. d4 cxd4 4. Nxd4 Nf6 5. Nc3 Nc6 6. Bc4 e6 7. Bb3 Be7 8. Be3 O-O 9. Qe2 Bd7 10. O-O-O Nxd4 11. Bxd4 Bc6 12. f4 Qc7 13. Rhg1 b5 14. e5 dxe5 15. fxe5 Nd5 16. Nxd5 Bxd5 17. Bxd5 exd5 18. e6 Qc4 19. Qxc4 dxc4 20. Rge1 a6 21. c3 Rae8 22. Kc2 g6 23. Re2 fxe6 24. Rxe6 Bg5 25. Rde1 Kf7 26. R6e2 Rxe2+ 27. Rxe2 Re8 28. Rf2+ Ke6 29. a4 Re7 30. b3 Rf7 31. Re2+ Kd7 32. axb5 axb5 33. Kb2 Be7 34. Re5 Rf5 35. Re4 Bd6 36. h3 Kc6 37. g4 Rf3 38. h4 Kd5 39. Re8 cxb3 40. Kxb3 b4 41. Rd8 bxc3 42. Bxc3 Ke6 0-1


[Site "https://www.chess.com"]

[Event "Titled Tuesday Blitz June 14 Late 2022"]
[White "Acosta, Pablo Ismael"]
[Black "Oparin, Grigoriy"]
[WhiteFideId "124311"]
[BlackFideId "24125890"]
[WhiteElo "2313"]
[BlackElo "2639"]
[Result "0-1"]
[Round "04"]
[TimeControl "180+1"]
[Date "2022.06.14"]
[WhiteClock "0:00:13"]
[BlackClock "0:00:15"]

1. c4 g6 2. g3 Bg7 3. Bg2 c5 4. Nc3 Nc6 5. e3 d6 6. Nge2 h5 7. h4 Bg4 8. Qa4 Qd7 9. Nd5 Rc8 10. Nec3 Ne5 11. Qxd7+ Kxd7 12. b3 Nf3+ 13. Kf1 e6 14. Nf4 Ne7 15. Bh3 b5 16. cxb5 d5 17. Rb1 d4 18. Na4 c4 19. b6 c3 20. bxa7 c2 21. Rb2 Rc6 22. Bxg4 hxg4 23. Nd3 dxe3 24. dxe3 Bxb2 25. Bxb2 Ra8 26. Ke2 Rxa7 27. Rc1 Nd5 28. Nac5+ Kd6 29. a4 Rxc5 30. Ba3 Nc3+ 31. Kf1 Ne4 32. Rxc2 Rc7 33. Nxc5 Nxc5 34. a5 Kd5 35. b4 Na6 36. Rb2 Rb7 37. b5 Nc7 38. a6 Rxb5 39. a7 Rxb2 40. Bxb2 Na8 41. Bf6 Kc6 42. Ke2 Kb7 43. Kd3 Kxa7 44. Ke4 Kb7 45. Kf4 Kc6 46. Kxg4 Nd2 47. h5 gxh5+ 48. Kxh5 Kd7 49. f4 Ne4 50. Bh4 Nc7 51. Kh6 Nd5 52. Kg7 Ke8 53. g4 Nxe3 54. g5 Nf5+ 55. Kg8 Nxh4 56. Kh7 Ng6 57. Kg7 Nxf4 58. Kh6 Ng6 59. Kg7 Ke7 60. Kh6 e5 61. Kg7 Ng3 62. Kh6 e4 63. Kg7 e3 64. Kg8 e2 65. Kh7 e1=Q 66. Kg8 Qe5 67. Kh7 Qh8# 0-1


[Site "https://www.chess.com"]

[Event "Titled Tuesday Blitz June 14 Late 2022"]
[White "Al Hosani, Omran"]
[Black "Buscar, Michael"]
[WhiteFideId "9308733"]
[BlackFideId "2603616"]
[WhiteElo "2236"]
[BlackElo "2010"]
[Result "0-1"]
[Round "04"]
[TimeControl "180+1"]
[Date "2022.06.15"]
[WhiteClock "0:00:01"]
[BlackClock "0:00:20"]

1. e4 c5 2. Nf3 Nc6 3. d4 cxd4 4. Nxd4 Nf6 5. Nc3 e5 6. Ndb5 h6 7. Nd5 Nxd5 8. exd5 a6 9. Nc3 Nb8 10. a4 d6 11. Be3 Be7 12. Be2 O-O 13. O-O f5 14. f4 Nd7 15. Kh1 g5 16. fxe5 Nxe5 17. Bd4 Bf6 18. a5 Qe8 19. Bh5 Qe7 20. Na4 Bd7 21. Nb6 Rad8 22. Be2 Ng6 23. Nxd7 Qxd7 24. Ra3 Nf4 25. Bc4 Rde8 26. Rb3 Re4 27. Bxf6 Rxf6 28. Rc3 Qe7 29. Bd3 Re3 30. Rc8+ Kg7 31. Qd2 Rf7 32. Qc3+ Qe5 33. Qxe5+ dxe5 34. Bc4 Rd7 35. Rc5 Kf6 36. g3 Ng6 37. Rc8 e4 38. b4 Rc3 39. Rd1 Rxc2 40. Rd4 Ne5 41. d6 Nf3 42. Rf8+ Kg6 43. Rg8+ Kh5 0-1


[Site "https://www.chess.com"]

[Event "Titled Tuesday Blitz June 14 Late 2022"]
[White "Aldokhin, Ivan"]
[Black "Tymrakiewicz, Rafal"]
[WhiteFideId "24115720"]
[BlackFideId "1108832"]
[WhiteElo "2231"]
[BlackElo "2205"]
[Result "1-0"]
[Round "04"]
[TimeControl "180+1"]
[Date "2022.06.15"]
[WhiteClock "0:00:05"]
[BlackClock "0:00:07"]

1. e4 Nf6 2. e5 Nd5 3. Nc3 Nxc3 4. bxc3 d5 5. f4 c5 6. Nf3 Nc6 7. Rb1 Rb8 8. Bb5 Bg4 9. h3 Bxf3 10. Qxf3 e6 11. O-O g6 12. Ba3 a6 13. Bxc6+ bxc6 14. c4 Be7 15. Qe3 O-O 16. Bxc5 dxc4 17. Rxb8 Bxc5 18. Qxc5 Qxb8 19. Qxc4 Qb6+ 20. Kh2 Rd8 21. Qc3 Rd4 22. d3 c5 23. Qb3 Rb4 24. Qc3 Rd4 25. Rf3 Kg7 26. Re3 Rxf4 27. Qd2 Qb4 28. c3 Qa4 29. Re2 Rf5 30. Qe3 Qf4+ 31. Qxf4 Rxf4 32. Kg3 Ra4 33. Rb2 Ra3 34. Rc2 f6 35. Kf4 g5+ 36. Ke4 f5+ 37. Ke3 h5 38. g3 Kg6 39. h4 f4+ 40. gxf4 g4 41. Ke4 Ra4+ 42. d4 a5 43. Rb2 cxd4 44. cxd4 g3 45. Rg2 Ra3 46. f5+ exf5+ 47. Kf4 Kf7 48. Rxg3 Rxa2 49. Kxf5 Rd2 50. Ke4 Rh2 51. d5 Rxh4+ 52. Kf5 Rd4 53. d6 h4 54. Rb3 a4 55. Rb7+ Ke8 56. Ke6 Kf8 57. d7 h3 58. Rb8+ Kg7 59. d8=Q Rxd8 60. Rxd8 h2 61. Rd1 a3 62. Kf5 a2 63. e6 Kf8 64. Kf6 Ke8 65. e7 h1=Q 66. Rd8# 1-0


[Site "https://www.chess.com"]

[Event "Titled Tuesday Blitz June 14 Late 2022"]
[White "Al-Tarboush, Ward"]
[Black "Oro, Luis"]
[WhiteFideId "7601450"]
[BlackFideId "104094"]
[WhiteElo "2249"]
[BlackElo "2377"]
[Result "1-0"]
[Round "04"]
[TimeControl "180+1"]
[Date "2022.06.15"]
[WhiteClock "0:00:29"]
[BlackClock "0:00:10"]

1. e4 c5 2. Nf3 d6 3. d4 cxd4 4. Nxd4 Nf6 5. Nc3 a6 6. h3 e5 7. Nde2 h5 8. Bg5 Be6 9. g3 Be7 10. Bg2 b5 11. O-O Nbd7 12. a3 Rc8 13. Be3 Nb6 14. b3 O-O 15. f4 exf4 16. gxf4 Rc7 17. f5 Bd7 18. Bxb6 Qc8 19. Bxc7 Qxc7 20. Kh1 Rc8 21. Nd5 Nxd5 22. exd5 Bf6 23. c3 Re8 24. Qd3 a5 25. Rae1 Rc8 26. c4 a4 27. cxb5 axb3 28. Qxb3 Qa5 29. Rc1 Rb8 30. a4 Bg5 31. Rc6 Re8 32. Qc4 Qd2 33. Qc2 Qb4 34. Rc4 Qa3 35. Re4 Rc8 36. Qd1 Qa2 37. b6 Qb2 38. a5 Qb5 39. f6 g6 40. Re7 Bf5 41. Nd4 Qxa5 42. Nxf5 Rc1 43. b7 Qd8 44. Qxc1 Bxc1 45. Rxc1 1-0


[Site "https://www.chess.com"]

[Event "Titled Tuesday Blitz June 14 Late 2022"]
[White "Araujo Sanchez, Josue"]
[Black "Yurasova, Daria"]
[WhiteFideId "6416896"]
[BlackFideId "34146919"]
[WhiteElo "2339"]
[BlackElo "2021"]
[Result "0-1"]
[Round "04"]
[TimeControl "180+1"]
[Date "2022.06.15"]
[WhiteClock "0:00:02"]
[BlackClock "0:00:17"]

1. Nf3 d5 2. b3 c5 3. Bb2 Nc6 4. e3 Bf5 5. Bb5 Qb6 6. a4 a6 7. Bxc6+ Qxc6 8. O-O e6 9. d3 Nf6 10. Nbd2 Bg6 11. Ne5 Qc7 12. f4 Nd7 13. e4 d4 14. Nxd7 Qxd7 15. Nc4 Qc7 16. a5 f6 17. Bc1 Bf7 18. Qg4 O-O-O 19. f5 e5 20. Nb6+ Kb8 21. Bd2 Rg8 22. Rfb1 g6 23. fxg6 Rxg6 24. Qf3 Bd6 25. b4 cxb4 26. Bxb4 Bxb4 27. Rxb4 Rdg8 28. g3 h5 29. Rab1 h4 30. R4b2 hxg3 31. h3 g2 32. Na4 Rg3 33. Rxb7+ Qxb7 34. Rxb7+ Kxb7 35. Qxf6 R8g7 36. Qb6+ Kc8 37. Nc5 Bg8 38. Qxa6+ Kd8 39. Qd6+ Ke8 40. Qxe5+ Kd8 41. Qxd4+ Kc7 42. Qe5+ Kc6 43. Ne6 Bxe6 44. Qxe6+ Kb5 45. Qe5+ Ka4 46. d4 R7g5 47. Qe8+ Kxa5 48. Qe7 Rg7 49. Qc5+ Ka6 50. Qc4+ Ka5 51. Qc5+ Ka6 52. Qe5 R7g5 53. Qf6+ Kb5 54. d5 Rg6 55. Qb2+ Kc5 0-1


[Site "https://www.chess.com"]

[Event "Titled Tuesday Blitz June 14 Late 2022"]
[White "Aravindh, Chithambaram VR."]
[Black "Andreikin, Dmitry"]
[WhiteFideId "5072786"]
[BlackFideId "4158814"]
[WhiteElo "2577"]
[BlackElo "2736"]
[Result "0-1"]
[Round "04"]
[TimeControl "180+1"]
[Date "2022.06.14"]
[WhiteClock "0:00:02"]
[BlackClock "0:00:28"]

1. Nc3 d5 2. e4 dxe4 3. Nxe4 Nf6 4. Nxf6+ exf6 5. d4 Bd6 6. Bd3 O-O 7. Ne2 Re8 8. O-O Bg4 9. f3 Bh5 10. c3 c5 11. dxc5 Bxc5+ 12. Kh1 Nc6 13. Nf4 Bg6 14. Nxg6 hxg6 15. Bf4 g5 16. Bg3 Ne5 17. Be4 Qb6 18. Qb3 Rad8 19. Rad1 Qxb3 20. axb3 b6 21. b4 Be3 22. Rfe1 Bd2 23. Re2 Bf4 24. Ra1 Nc4 25. Ree1 Nxb2 26. Bxf4 gxf4 27. h4 g6 28. Kh2 Nc4 29. Bc6 Re3 30. Bb5 Rxe1 31. Rxe1 Ne3 32. Ra1 Rd2 33. Rxa7 Rxg2+ 34. Kh1 Rg3 35. Be8 Rxf3 36. Bxf7+ Kh8 37. Be6 Rg3 38. Rf7 f5 39. Kh2 Ng4+ 40. Kh1 Nf2+ 41. Kh2 Ng4+ 42. Kh1 f3 43. h5 f2 44. Bc4 Rg1# 0-1


[Site "https://www.chess.com"]

[Event "Titled Tuesday Blitz June 14 Late 2022"]
[White "Babazada, Khazar"]
[Black "Kollars, Dmitrij"]
[WhiteFideId "13413554"]
[BlackFideId "12909572"]
[WhiteElo "2406"]
[BlackElo "2584"]
[Result "1/2-1/2"]
[Round "04"]
[TimeControl "180+1"]
[Date "2022.06.14"]
[WhiteClock "0:01:55"]
[BlackClock "0:00:45"]

1. Nf3 Nf6 2. g3 g6 3. Bg2 Bg7 4. O-O O-O 5. c4 Nc6 6. Nc3 d5 7. cxd5 Nxd5 8. e3 Nxc3 9. bxc3 Qd3 10. Ba3 Rd8 11. Qb3 Be6 12. Qxb7 Bd5 13. Qxc7 e5 14. Ng5 Rac8 15. Qb7 Rb8 16. Qc7 Rbc8 17. Qb7 Rb8 18. Qc7 Rbc8 1/2-1/2


[Site "https://www.chess.com"]